 Dungeon Crawl Stone Soup version 0.25-a0-665-ga69d64035b (webtiles) character file.

Game seed: 8041262656928537773, levelgen mode: deterministic

10667 kae the Fighter (level 11, -10/75 HPs)
             Began as a Tengu Air Elementalist on Mar 26, 2020.
             Was a High Priest of Vehumet.
             Mangled by a yak (15 damage)
             ... on level 9 of the Dungeon.
             The game lasted 00:14:58 (13894 turns).

kae the Fighter (Tengu Air Elementalist)           Turns: 13894, Time: 00:14:58

Health: -10/75     AC:  6    Str:  8    XL:     11   Next: 65%
Magic:  30/40      EV: 15    Int: 20    God:    Vehumet [*****.]
Gold:   550        SH:  0    Dex: 14    Spells: 8/24 levels left

rFire    . . .     SeeInvis .   u - +3 whip (elec)
rCold    . . .     Gourm    +   (no shield)
rNeg     . . .     Faith    .   a - +0 robe
rPois    .         Spirit   .   (helmet restricted)
rElec    .         Reflect  .   p - +0 cloak
rCorr    .         Harm     .   r - +2 pair of gloves
MR       .....                  (boots unavailable)
Stlth    ++........             x - amulet of the gourmand
HPRegen  0.22/turn              B - ring of magical power
MPRegen  0.27/turn              C - ring of magical power

@: flying quickly and evasively, quick
A: beak, talons 3, able to fly
a: Stop Flying, Renounce Religion


You were on level 9 of the Dungeon.
You worshipped Vehumet.
Vehumet was extremely pleased with you.
You were very full.

You visited 2 branches of the dungeon, and saw 10 of its levels.
You also visited: Ossuary.

You collected 550 gold pieces.

Inventory:

Hand Weapons
 u - a +3 whip of electrocution (weapon)
Armour
 a - a +0 robe (worn)
 p - a +0 cloak (worn)
 r - a +2 pair of gloves (worn)
Jewellery
 t - a +1 ring of slaying
 v - an uncursed ring of resist corrosion {unknown}
 w - an uncursed ring of see invisible
 x - an amulet of the gourmand (around neck)
 B - a ring of magical power (left hand)
 C - a ring of magical power (right hand)
 E - a cursed amulet of inaccuracy {unknown}
Wands
 z - a wand of random effects (29)
 G - a wand of polymorph (8)
Scrolls
 b - 3 scrolls of fear
 f - 2 scrolls of enchant armour
 h - 8 scrolls of remove curse
 l - a scroll of enchant weapon
 n - 2 scrolls of immolation
 y - 5 scrolls of teleportation
 A - 3 scrolls of amnesia
 I - 2 scrolls of identify
Potions
 d - 2 potions of stabbing
 e - 3 potions of flight
 g - 4 potions of lignification {unknown}
 i - 3 potions of brilliance
 j - a potion of cancellation {unknown}
 k - a potion of resistance
 m - 2 potions of curing
 o - 2 potions of haste
 q - 2 potions of might
 s - 2 potions of ambrosia
 D - 2 potions of degeneration {unknown}
 F - a potion of heal wounds {unknown}
 H - 2 potions of invisibility {unknown}
Comestibles
 c - 22 rations


   Skills:
 + Level 11.6 Fighting
 - Level 2.1 Dodging
 - Level 2.0 Stealth
 - Level 7.1 Spellcasting
 - Level 11.0 Conjurations
 - Level 11.0 Air Magic


You had 8 spell levels left.
You knew the following spells:

 Your Spells              Type           Power        Failure   Level  Hunger
a - Shock                 Conj/Air       ####         1%          1    None
b - Static Discharge      Conj/Air       ######..     1%          3    #......
c - Airstrike             Air            ######....   1%          4    ###....
d - Lightning Bolt        Conj/Air       ######....   1%          5    #####..
e - Swiftness             Chrm/Air       ####....     1%          2    None
f - Freeze                Ice            #...         2%          1    None

Your spell library contained the following spells:

 Spells                   Type           Power        Failure   Level  Hunger
 Inner Flame              Hex/Fire       #.......     8%          3    #......
 Summon Small Mammal      Summ           #...         10%         1    None
 Summon Lightning Spire   Summ/Air       ####....     10%         4    ###....
 Call Imp                 Summ           #.......     14%         2    None
 Call Canine Familiar     Summ           #.......     28%         3    #......
 Summon Guardian Golem    Hex/Summ       #.......     28%         3    #......
 Summon Ice Beast         Ice/Summ       #.......     67%         4    ###....


Dungeon Overview and Level Annotations

Branches:
Dungeon (9/15)             Temple (1/1) D:4            Lair (0/6) D:9
Ossuary (visited)
    Orc: D:9-12

Altars:
Ashenzari
Cheibriados
Dithmenos
Gozag
Hepliaklqana
Kikubaaqudgha
Makhleb
Nemelex Xobeh
Okawaru
Qazlal
Ru
Sif Muna
Trog
Uskayaw
Vehumet
Wu Jian
Xom
Zin
The Shining One

Shops:
D:4 *   D:6 *

Annotations:
D:4 Purgy
D:9 1 transporter, bmj180's ghost, novice DrCj


Innate Abilities, Weirdness & Mutations

You have a beak for a mouth.
You have claws for feet.
You can fly continuously.


Message History

You kill the yak!
Vehumet accepts your kill.
Something is struck by an arc of lightning.
The yak is struck by an arc of lightning.
The yak is moderately wounded.
The lightning grounds out.
The yak gores you! The yak gores you! The yak closely misses you.
Casting: Static Discharge (safe; 1% risk of failure)
Confirm with . or Enter, or press ? or * to list all spells.
The yak is struck by an arc of lightning!
The yak is almost dead.
The lightning grounds out.
The yak is struck by an arc of lightning!
The yak is lightly wounded.
The lightning grounds out.
The yak gores you!
* * * LOW HITPOINT WARNING * * *
The yak gores you!
* * * LOW HITPOINT WARNING * * *
The yak gores you!
You die...

## ### .. #.#
###.###.# #....@#.#
#....YYY# #...[.#Y#
#######.# #.#
#######Y##############
.
.......Y..............
..
.....................#
.#.
#######.#########..###


You could see 4 yaks.

Vanquished Creatures
  A hydra (D:9)
  The ghost of TimmyIs the Cleaver, a novice HOMo (D:8)
  Pikel (D:5)
  A cyclops (D:9)
  4 hornets (D:8)
  3 trolls
  2 hippogriffs
  2 wraiths (D:8)
  5 yaks
  Eustachio (D:6)
  A basilisk (D:9)
  4 porcupines (D:9)
  A water moccasin (D:7)
  5 orc warriors
  A sky beast (D:6)
  2 phantoms
  A slave (D:5)
  2 black bears (D:9)
  An ice beast (D:8)
  3 necrophages
  An ogre (D:8)
  3 wolves (D:9)
  A centaur (D:6)
  3 crocodiles
  3 elf zombies (Ossuary)
  7 bullfrogs
  2 scorpions
  A wight (D:8)
  A troll zombie (D:8)
  6 howler monkeys
  An electric eel (D:9)
  3 crimson imps
  3 centaur zombies
  5 human zombies
  A quasit (D:8)
  4 hounds
  4 jellies
  12 orc priests
  8 orc wizards
  A bullfrog skeleton (D:9)
  3 centaur skeletons
  A human skeleton (D:8)
  5 iguanas
  9 worker ants
  2 big kobold zombies (Ossuary)
  A hound zombie (D:8)
  A hound skeleton (D:8)
  3 mummies
  3 gnolls (D:5)
  7 adders
  A shadow imp (D:9)
  An ooze (D:2)
  5 adder zombies (Ossuary)
  An adder skeleton (D:7)
  4 worms
  5 dart slugs
  6 leopard geckos
  34 orcs
  2 ball pythons
  8 giant cockroaches
  4 hobgoblins
  8 jackals
  3 quokkas
  7 bats
  2 frilled lizards (D:1)
  4 goblins
  7 hobgoblin zombies (Ossuary)
  5 kobolds
  10 kobold zombies (Ossuary)
  A leopard gecko zombie (D:5)
  7 orc zombies (Ossuary)
  A quokka skeleton (D:8)
  4 rats
  A rat zombie (Ossuary)
  A bush (D:9)
279 creatures vanquished.

Vanquished Creatures (others)
  A fungus (D:9)
  2 plants (D:9)
3 creatures vanquished.

Grand Total: 282 creatures vanquished

Notes
Turn   | Place    | Note
-------+----------+-------------------------------------------
     0 | D:1      | kae the Tengu Air Elementalist began the quest for the Orb.
     0 | D:1      | Reached XP level 1. HP: 10/10 MP: 4/4
   139 | D:1      | Reached XP level 2. HP: 7/15 MP: 1/6
   807 | D:1      | Reached XP level 3. HP: 19/19 MP: 4/7
  2402 | D:2      | Reached XP level 4. HP: 18/24 MP: 2/8
  2682 | D:2      | Learned a level 3 spell: Static Discharge
  2687 | D:2      | Learned a level 4 spell: Airstrike
  2735 | D:3      | Reached skill level 5 in Air Magic
  2735 | D:3      | Gained mutation: You can fly continuously. [Tengu growth]
  2735 | D:3      | Reached XP level 5. HP: 25/28 MP: 2/10
  2894 | D:3      | Found a faded altar of an unknown god.
  3040 | D:3      | Found a shimmering blue altar of Sif Muna.
  3344 | D:4      | Noticed Purgy
  3524 | D:4      | Reached skill level 5 in Conjurations
  3737 | D:4      | Found a staircase to the Ecumenical Temple.
  3852 | Temple   | Entered the Ecumenical Temple
  3910 | Temple   | Became a worshipper of Vehumet
  3965 | D:4      | Reached XP level 6. HP: 21/32 MP: 1/11
  4400 | D:4      | Found a burning altar of Makhleb.
  4427 | D:4      | Found Woommyl's General Store.
  4644 | D:5      | Entered Level 5 of the Dungeon
  4736 | D:5      | Reached XP level 7. HP: 22/36 MP: 0/13
  4904 | D:5      | Found a stormy altar of Qazlal.
  5513 | D:5      | Reached * piety under Vehumet
  5513 | D:5      | Offered knowledge of Freeze by Vehumet.
  5568 | D:5      | Noticed Pikel
  5922 | D:6      | Noticed Eustachio
  5929 | D:6      | Killed Eustachio
  5929 | D:6      | Reached XP level 8. HP: 41/41 MP: 2/15
  6171 | D:6      | Found a sacrificial altar of Ru.
  6231 | D:6      | Found Cejank Cisk's Elemental Accessories.
  6365 | D:6      | Learned a level 5 spell: Lightning Bolt
  6368 | D:6      | Learned a level 2 spell: Swiftness
  6370 | D:6      | Learned a level 1 spell: Freeze
  7282 | D:7      | Reached skill level 5 in Spellcasting
  7290 | D:7      | Found a shattered altar of Ashenzari.
  7682 | D:5      | Killed Pikel
  7682 | D:5      | Reached skill level 10 in Conjurations
  7682 | D:5      | Reached XP level 9. HP: 33/45 MP: 2/18
  8161 | D:8      | Found a hazy altar of Hepliaklqana.
  8174 | D:8      | Reached ** piety under Vehumet
  8174 | D:8      | Offered knowledge of Foxfire by Vehumet.
  8198 | D:8      | Found a shadowy altar of Dithmenos.
  8208 | D:8      | Noticed a hornet
  8210 | D:8      | Paralysed by a hornet for 3 turns
  8213 | D:8      | Killed a hornet
  8220 | D:8      | Noticed a hornet
  8295 | D:8      | Reached skill level 10 in Air Magic
  8364 | D:8      | Noticed a troll
  8373 | D:8      | Killed a troll
  8607 | D:8      | Found a sand-covered staircase.
  8622 | Ossuary  | Entered an ossuary
  8697 | Ossuary  | Offered knowledge of Mephitic Cloud by Vehumet.
  8762 | Ossuary  | Reached *** piety under Vehumet
  8950 | Ossuary  | HP: 2/45 [elf zombie (5)]
  8965 | Ossuary  | Reached XP level 10. HP: 4/50 MP: 21/21
  9032 | Ossuary  | Reached skill level 1 in Fighting
  9420 | D:8      | Offered knowledge of Sticky Flame by Vehumet.
  9928 | D:8      | Found an opulent altar of Gozag.
  9954 | D:8      | Found a glowing silver altar of Zin.
 10504 | D:8      | Reached skill level 5 in Fighting
 10564 | D:8      | Found an ancient bone altar of Kikubaaqudgha.
 11015 | D:8      | Reached **** piety under Vehumet
 11206 | D:8      | Offered knowledge of Inner Flame by Vehumet.
 11217 | D:8      | Paralysed by a hornet for 1 turns
 11955 | D:8      | Found a large runed translucent door.
 11955 | D:8      | Found a large runed translucent door.
 11956 | D:8      | Noticed TimmyIs's ghost (novice HOMo)
 12041 | D:8      | Killed TimmyIs's ghost
 12376 | D:9      | Noticed a cyclops
 12376 | D:9      | Noticed a five-headed hydra
 12394 | D:9      | Killed a five-headed hydra
 12394 | D:9      | Reached XP level 11. HP: 60/71 MP: 20/22
 12596 | D:9      | Killed a cyclops
 12681 | D:9      | Noticed bmj180's ghost (novice DrCj)
 12704 | D:9      | Reached skill level 10 in Fighting
 13291 | D:9      | Noticed a moth of wrath
 13303 | D:9      | Found a transporter.
 13606 | D:9      | Found a staircase to the Lair.
 13891 | D:9      | Reached ***** piety under Vehumet
 13894 | D:9      | Mangled by a yak

Levels and vault maps discovered:
D:1:      dpeg_arrival_rooms_c, layout_loops_cross, hangedman_decor_points
D:2:      layout_loops_cross, first_ration, minmay_door_square,
          minmay_quadrilaterals
D:3:      layout_rooms, led_sif_pool, nicolae_overflow_hidden_temple,
          chequers_ecumenical_altar_grove
D:4:      layout_basic, makhleb_grotto_becter, minmay_temple_entry_fiery,
          serial_shops, nicolae_shop_stone, uniq_purgy
D:5:      layout_rooms, nicolae_qazlal_eye_of_the_storm, zaba_anthole,
          hangedman_decor_push, uniq_pikel
D:6:      layout_loops_ring, kennysheep_mini_moat, nicolae_elemental_shop,
          uniq_eustachio
D:7:      layout_loops_ring, basic_altar
D:8:      minmay_thinvault, layout_gridville,
          grunt_temple_overflow_gold_and_silver, overflow_temple_1_default,
          lemuel_crystal_altar, lemuel_mausoleum_altar_kikubaaqudgha,
          ebering_ghost_disaster_area, lightli_ossuary_entry_decrepit_ruins,
          hangedman_pestilent_swarm, nrook_campfire
D:9:      minmay_shrinking_squares, layout_basic,
          chequers_temple_overflow_statue_of_worship, minmay_lair_entry_grove,
          gammafunk_ghost_berserking_beasts
Temple:   cyrus_temple_forest

Skill      XL: |  1  2  3  4  5  6  7  8  9 10 11 |
---------------+----------------------------------+-----
Conjurations   | 2 3 4 5 6 8 10 11 | 11.0
Air Magic      | 5 6 7 8 11 | 11.0
Spellcasting   | 3 4 5 6 7 |  7.1
Fighting       | 9 11 | 11.6
Dodging        | |  2.1
Stealth        | |  2.0

Action                   |  1- 3 |  4- 6 |  7- 9 | 10-12 || total
-------------------------+-------+-------+-------+-------++-------
Melee: Unarmed           |    31 |       |       |       ||    31
       Peck              |    10 |    10 |     8 |    16 ||    44
       Kick              |     6 |     9 |    16 |    24 ||    55
       Whip              |    15 |    30 |   106 |    99 ||   250
 Cast: Shock             |    87 |   110 |   175 |   151 ||   523
       Static Discharge  |       |     6 |    13 |    31 ||    50
       Airstrike         |       |     2 |    23 |    98 ||   123
       Freeze            |       |       |    12 |       ||    12
 Abil: Fly               |       |     1 |       |       ||     1
  Use: Scroll            |       |    10 |     9 |       ||    19
       Potion            |       |       |     5 |       ||     5
 Stab: Distracted        |     1 |       |       |       ||     1
       Sleeping          |       |       |     1 |       ||     1
  Eat: Chunk             |     4 |     6 |    14 |    30 ||    54
       Ration            |       |     1 |     1 |     1 ||     3
Armor: Robe              |    15 |    14 |    38 |    33 ||   100
Dodge: Dodged            |    43 |    37 |   129 |   133 ||   342

Table legend:
 A = Non-vault XP
 B = Vault XP
 C = Vault XP percentage of total XP
 D = Non-vault monster count
 E = Vault monster count
 F = Vault count percentage of total count
                 A         B        C        D         E       F
            +---------+---------+-------+---------+---------+-------
      Total |    6545 |    8694 |  57.1 |     179 |      98 |  35.4
            +---------+---------+-------+---------+---------+-------
        D:1 |      36 |       0 |   0.0 |      21 |       0 |   0.0
        D:2 |      46 |      13 |  22.0 |      18 |       6 |  25.0
        D:3 |     107 |       0 |   0.0 |      11 |       0 |   0.0
        D:4 |     204 |      48 |  19.0 |      20 |       1 |   4.8
        D:5 |     436 |     828 |  65.5 |      18 |       7 |  28.0
        D:6 |     502 |     196 |  28.1 |       8 |       1 |  11.1
        D:7 |     542 |       0 |   0.0 |      12 |       0 |   0.0
        D:8 |    1771 |    3929 |  68.9 |      37 |      29 |  43.9
        D:9 |    2901 |    3157 |  52.1 |      34 |      15 |  30.6
    Ossuary |       0 |     523 | 100.0 |       0 |      39 | 100.0
            +---------+---------+-------+---------+---------+-------
